 Dungeon Crawl Stone Soup version 0.25.1-8-g42b30a86e7 (webtiles) character file.

Game seed: 4638995961522655540

1991 Mattiprrivan the Bolt Thrower (level 9, -6/46 HPs)
             Began as a Deep Elf Wanderer on Dec 26, 2020.
             Was a Priest of Okawaru.
             Mangled by a wight
             ... wielding a +2 short sword of electrocution
              (12 damage)
             ... on level 6 of the Dungeon.
             The game lasted 01:13:31 (6560 turns).

Mattiprrivan the Bolt Thrower (Deep Elf Wanderer)   Turns: 6560, Time: 01:13:33

Health: -6/46      AC: 12    Str: 14    XL:     9   Next: 1%
Magic:  15/17      EV: 14    Int: 16    God:    Okawaru [***...]
Gold:   151        SH:  0    Dex: 18    Spells: 16/16 levels left

rFire    . . .     SeeInvis +   c - +0 shortbow
rCold    . . .     Gourm    .   (shield currently unavailable)
rNeg     . . .     Faith    .   k - +3 scale mail {rPois}
rPois    +         Spirit   .   l - +0 helmet
rElec    .         Reflect  .   (no cloak)
rCorr    .         Harm     .   (no gloves)
MR       .....                  (no boots)
Stlth    ++++......             i - amulet of magic regeneration
HPRegen  0.15/turn              m - ring of see invisible
MPRegen  0.40/turn              e - ring of stealth

@: heroism, drained
A: thin skeletal structure 1, agile 1, frail 1
a: Heroism, Renounce Religion


You were on level 6 of the Dungeon.
You worshipped Okawaru.
Okawaru was most pleased with you.
You were not hungry.

You visited 1 branch of the dungeon, and saw 6 of its levels.
You also visited: Sewer.

You collected 388 gold pieces.
You spent 237 gold pieces at shops.

Inventory:

Hand Weapons
 a - a +2 hand crossbow
 b - a +0 dagger of draining
 c - a +0 shortbow (weapon)
 t - a +1 dagger of venom
Missiles
 d - 68 arrows (quivered)
 g - 16 poisoned darts
 n - 4 boomerangs
 o - 2 bolts
 v - 3 javelins
Armour
 k - a +3 scale mail of poison resistance (worn)
 l - a +0 helmet (worn)
Jewellery
 e - a ring of stealth (right hand)
 i - an amulet of magic regeneration (around neck)
 m - a ring of see invisible (left hand)
Scrolls
 j - 2 scrolls of teleportation
 q - 3 scrolls of remove curse
 r - 4 scrolls of identify
Potions
 h - 2 potions of curing
 s - 2 potions of invisibility
Comestibles
 f - 5 rations


   Skills:
 + Level 4.0(8.1) Fighting
 * Level 3.0(7.1) Short Blades
 * Level 3.6(7.6) Bows
 * Level 5.8(9.8) Crossbows
 * Level 3.3(7.3) Throwing
 * Level 3.8(7.8) Armour
 * Level 3.6(7.7) Dodging
 * Level 4.4(8.4) Stealth
 * Level 4.0(3.1) Spellcasting
 * Level 2.7(1.9) Invocations


You had 16 spell levels left.
You didn't know any spells.
Your spell library was empty.

Dungeon Overview and Level Annotations

Branches:
Dungeon (6/15)             Temple (0/1) D:5           Sewer (visited)

Altars:
Nemelex Xobeh
Okawaru
Wu Jian
Yredelemnul

Shops:
D:4 =   D:5 ?


Innate Abilities, Weirdness & Mutations

You have a somewhat thin skeletal structure. (Dex +2, Stealth)
You are agile. (Dex +2)
You are frail. (-10% HP)


Message History

You shoot an arrow.
The arrow hits the wight but does no damage.
The wight closely misses you.
Firing (i - inventory. (/) - cycle)
d - 70 arrows (quivered)
Press: ? - help, Shift-Dir - straight line, f/p - wight
Aim: a wight, wielding a +2 short sword of electrocution and wearing a +0 robe You shoot an arrow.
The arrow hits the wight but does no damage.
The wight closely misses you.
Firing (i - inventory. (/) - cycle)
d - 69 arrows (quivered)
Press: ? - help, Shift-Dir - straight line, f/p - wight
Aim: a wight, wielding a +2 short sword of electrocution and wearing a +0 robe You shoot an arrow.
The arrow hits the wight.
The wight is lightly damaged.
The wight hits you with a +2 short sword of electrocution.
* * * LOW HITPOINT WARNING * * *
You feel drained.
* * * LOW HITPOINT WARNING * * *
You are electrocuted!
You die...

#.# #.# #
#.# .# #.#
(. #.#
######(# #.#
#.).@zz# #.#
#.####......
#.###.####
.....
#........#
..... #.#
#####.##.#
#.#.# #.#
...##.# #.#
# #.#
######.# #.#
#.# #.# #.#
####.### #.#
#.# ........


You could see 2 wights.

Vanquished Creatures
  Sigmund (D:3)
  The ghost of Zeus21348 the Slasher, an amateur DsBe of Trog (D:4)
  Edmund (D:5)
  Duvessa (D:4)
  An orc warrior (D:5)
  An ogre (D:5)
  2 big kobolds (D:4)
  3 bullfrogs
  Dowan (D:4)
  2 scorpions (D:4)
  3 wights (D:6)
  A howler monkey (D:5)
  A centaur zombie (D:6)
  2 hounds
  2 jellies
  An orc priest (D:3)
  An orc wizard (D:5)
  A centaur skeleton (D:5)
  An iguana (D:5)
  Terence (D:3)
  A worker ant (D:5)
  A gnoll (D:6)
  13 adders
  A howler monkey skeleton (D:5)
  9 oozes
  An adder skeleton (D:4)
  2 worms
  3 dart slugs
  19 leopard geckos
  9 orcs
  11 ball pythons
  4 bats
  13 giant cockroaches
  9 hobgoblins
  3 jackals (D:1)
  13 kobolds
  2 quokkas
  8 frilled lizards
  7 goblins
  A jackal skeleton (D:6)
  10 rats
168 creatures vanquished.

Notes
Turn   | Place    | Note
-------+----------+-------------------------------------------
     0 | D:1      | Mattiprrivan the Deep Elf Wanderer began the quest for the
                  | Orb.
     0 | D:1      | Mattiprrivan set off with the following items: a +2 hand
                  | crossbow, 23 bolts, a +0 shortbow, 25 arrows, a +0 ring
                  | mail, a ration
     0 | D:1      | Reached XP level 1. HP: 14/14 MP: 3/3
     2 | D:1      | Noticed an electric eel
   125 | D:1      | Reached XP level 2. HP: 19/19 MP: 4/4
   558 | D:1      | Reached XP level 3. HP: 23/23 MP: 5/5
   947 | D:2      | Reached skill level 2 in Crossbows
   947 | D:2      | Reached skill level 1 in Dodging
   947 | D:2      | Reached XP level 4. HP: 18/28 MP: 5/7
  1081 | D:2      | Gained mutation: You are frail. (-10% HP) [potion of
                  | mutation]
  1081 | D:2      | Gained mutation: You have a somewhat thin skeletal
                  | structure. (Dex +2, Stealth) [potion of mutation]
  1081 | D:2      | Gained mutation: You are agile. (Dex +2) [potion of
                  | mutation]
  1091 | D:2      | Reached skill level 1 in Spellcasting
  1263 | D:2      | Found an iron altar of Okawaru.
  1272 | D:2      | Became a worshipper of Warmaster Okawaru
  1332 | D:2      | Found a faded altar of an unknown god.
  1380 | D:2      | Found an ornate altar of the Wu Jian Council.
  1512 | D:3      | Noticed Sigmund
  1520 | D:3      | Killed Sigmund
  1520 | D:3      | Reached * piety under Okawaru
  1520 | D:3      | Reached skill level 1 in Short Blades
  1520 | D:3      | Reached skill level 1 in Bows
  1520 | D:3      | Reached skill level 3 in Crossbows
  1520 | D:3      | Reached XP level 5. HP: 24/28 MP: 7/9
  1521 | D:3      | Reached XP level 6. HP: 24/33 MP: 7/10
  1869 | D:3      | Found a glowing drain.
  1894 | Sewer    | Entered a sewer
  2650 | Sewer    | Reached skill level 1 in Invocations
  3034 | D:3      | Noticed Terence
  3036 | D:3      | Killed Terence
  3036 | D:3      | Reached XP level 7. HP: 37/37 MP: 12/12
  3109 | D:3      | Found a basalt altar of Yredelemnul.
  3556 | D:4      | Found a large runed translucent door.
  3556 | D:4      | Found a large runed translucent door.
  3560 | D:4      | Noticed Zeus21348's ghost (amateur DsBe)
  3600 | D:4      | Killed Zeus21348's ghost
  3600 | D:4      | Reached skill level 4 in Crossbows
  4058 | D:4      | Found Ryhiboet's Jewellery Shop.
  4085 | D:4      | Bought an uncursed ring of stealth for 192 gold pieces
  4225 | D:4      | Noticed Duvessa
  4243 | D:4      | Noticed Dowan
  4246 | D:4      | Killed Duvessa
  4246 | D:4      | Reached ** piety under Okawaru
  4255 | D:4      | Killed Dowan
  4350 | D:4      | Reached XP level 8. HP: 42/43 MP: 14/14
  4436 | D:4      | Reached skill level 5 in Crossbows
  4665 | D:4      | Found a sparkling altar of Nemelex Xobeh.
  4770 | D:5      | Entered Level 5 of the Dungeon
  4770 | D:5      | Found a staircase to the Ecumenical Temple.
  5017 | D:5      | Found Wanenaj's Magic Scroll Boutique.
  5022 | D:5      | Bought a scroll of fear for 45 gold pieces
  5157 | D:5      | Noticed Edmund
  5168 | D:5      | Killed Edmund
  6549 | D:6      | Reached *** piety under Okawaru
  6557 | D:6      | Reached XP level 9. HP: 9/46 MP: 13/17
  6560 | D:6      | Mangled by a wight

Illustrated notes

Levels and vault maps discovered:
D:1:      arrival_aquarium_a, layout_basic, minmay_pentomino_t2
D:2:      layout_basic, nicolae_overflow_crystal_walls,
          overflow_temple_1_default, chequers_ecumenical_altar_simple_redux
D:3:      layout_rooms, yredelemnul_altar_generic, first_ration,
          portal_sewer_entry_a, uniq_sigmund, uniq_terence
D:4:      cheibrodos_thug_alley, layout_basic, ebering_ghost_disaster_area,
          serial_shops, shop, nemelex_xobeh_ov_fountains_minmay, uniq_duvessa
D:5:      layout_cave_pods, minmay_temple_entry_trees, serial_shops,
          kennysheep_little_box, kennysheep_generic_room_8, uniq_edmund
D:6:      layout_basic, old_standard_altar, minmay_misc_feat_five

Skill      XL: |  1  2  3  4  5  6  7  8 |
---------------+-------------------------+-----
Crossbows      | 2 3 4 5 |  5.8
Dodging        | 1 2 3 |  3.6
Stealth        | 2 3 4 |  4.4
Spellcasting   | 1 2 4 |  4.0
Short Blades   | 1 2 3 |  3.0
Bows           | 1 2 3 |  3.6
Throwing       | 2 3 |  3.3
Armour         | 3 |  3.8
Invocations    | 1 2 |  2.7
Fighting       | 4 |  4.0

Action                   |  1- 3 |  4- 6 |  7- 9 || total
-------------------------+-------+-------+-------++-------
Melee: Dagger            |       |    16 |    13 ||    29
 Fire: Hand crossbow     |    65 |   149 |   209 ||   423
       Shortbow          |       |    10 |    72 ||    82
Throw: Dart              |       |    33 |    32 ||    65
Invok: Heroism           |       |     1 |     3 ||     4
  Use: Potion            |     5 |     5 |     3 ||    13
       Scroll            |     3 |     2 |    11 ||    16
  Eat: Ration            |     1 |     3 |     2 ||     6
Armor: Ring mail         |    16 |    39 |       ||    55
       Scale mail        |       |       |    65 ||    65
Dodge: Dodged            |    19 |    88 |    98 ||   205
